 Seeded DCSS version 0.32-a0-876-gcfddb08 (webtiles) character file.

Game seed: 4061798630863631340 (custom seed)

151 PurpleRed the Conjurer (level 5, -3/39 HPs)
             Began as a Barachi Brigand on Apr 1, 2024.
             Was an Initiate of Vehumet.
             Engulfed by a cloud of flame (16 damage)
             ... on level 3 of the Dungeon.
             The game lasted 00:10:53 (1320 turns).

PurpleRed the Conjurer (Barachi Brigand)            Turns: 1320, Time: 00:10:53

Health: -3/39      AC:  3    Str: 13    XL:     5   Next: 33%
Magic:  8/8        EV: 10    Int: 13    God:    Vehumet [......]
Gold:   143        SH:  0    Dex: 13    Spells: 8/9 levels left

rFire   . . .        a - +2 dagger
rCold   . . .        (no shield)
rNeg    . . .        b - +0 robe
rPois   .            (no helmet)
rElec   .            c - +0 cloak
rCorr   .            (no gloves)
SInv    .            (no boots)
Will    .....        i - amulet of magic regeneration
Stlth   ++           (no ring)
HPRegen 0.26/turn    (no ring)
MPRegen 0.51/turn

%: no passive effects
@: slow
A: amphibious, slowness 1, strong legs 1, +LOS
a: Hop, Renounce Religion


You were on level 3 of the Dungeon.
You worshipped Vehumet.
Vehumet was noncommittal.
You visited 1 branch of the dungeon, and saw 4 of its levels.

You collected 143 gold pieces.

Inventory:

Hand Weapons
 a - a +2 dagger (weapon)
Missiles
 d - 15 poisoned darts (quivered)
 e - 3 curare-tipped darts
Armour
 b - a +0 robe (worn)
 c - a +0 cloak (worn)
 k - a +0 leather armour
Jewellery
 i - an amulet of magic regeneration (around neck)
 j - a ring of protection from cold
Scrolls
 f - a scroll of teleportation {unknown}
 h - 3 scrolls of identify {unknown}
 m - a scroll of enchant armour {unknown}
Potions
 g - a potion of cancellation {unknown}
 l - a potion of heal wounds {unknown}
 n - a potion of enlightenment {unknown}
 o - a potion of ambrosia {unknown}
 p - 2 potions of curing {unknown}
 q - a potion of might {unknown}
 r - a potion of attraction {unknown}
 s - a potion of haste {unknown}


   Skills:
 - Level 2.4 Fighting
 - Level 2.1 Short Blades
 - Level 2.0 Throwing
 - Level 1.1 Dodging
 - Level 3.6 Stealth
 + Level 2.6 Spellcasting
 * Level 4.2 Conjurations


You had 8 spell levels left.
You knew the following spells:

 Your Spells              Type           Power      Damage    Failure   Level
a - Magic Dart            Conj           48%        1d5       4%          1

Your spell library contained the following spells:

 Spells                   Type           Power      Damage    Failure   Level
 Freeze                   Ice            4%         1d3       24%         1
 Slow                     Hex            4%         N/A       24%         1
 Hailstorm                Conj/Ice       7%         3d5       30%         3
 Blink                    Tloc           2%         N/A       36%         2
 Call Imp                 Summ           2%         N/A       36%         2
 Call Canine Familiar     Summ           1%         N/A       58%         3
 Confusing Touch          Hex            1%         N/A       58%         3
 Frozen Ramparts          Ice            2%         1d1       58%         3
 Sigil of Binding         Hex            1%         N/A       58%         3
 Vampiric Draining        Necr           1%         2d6       58%         3
 Dimensional Bullseye     Hex/Tloc       0%         N/A       94%         4
 Death Channel            Necr           0%         N/A       100%        6
 Sculpt Simulacrum        Ice/Alch       0%         N/A       100%        6


Dungeon Overview and Level Annotations

Branches:
Dungeon (4/15)
 Temple: D:4-7

Altars:
Vehumet


Innate Abilities, Weirdness & Mutations

You are amphibious.
You cover ground slowly.
You can hop short distances.
You have an extended range of vision and can be seen from far away.


Message History

The scorpion is severely wounded.
The scorpion closely misses you.
Casting: Magic Dart (safe; 6% risk of failure)
Confirm with . or Enter, or press ? or * to list all spells.
Aiming: Magic Dart (safe; 6% risk of failure)
Press: ? - help, Shift-Dir - straight line, f/p - scorpion
Aim: a scorpion (almost dead, very poisoned, 100% to hit)
The magic dart hits the scorpion but does no damage.
The scorpion is almost dead.
You kill the scorpion!
Your Conjurations skill increases to level 4!
You have reached level 5!
You hit the endoplasm.
The endoplasm is moderately wounded.
The endoplasm hits you.
You hit the endoplasm.
You kill the endoplasm!
d - 4 poisoned darts (gained 1)
d - 6 poisoned darts (gained 2)
d - 7 poisoned darts (gained 1)
Found 6 poisoned darts.
d - 9 poisoned darts (gained 2)
You pick up a book of Frost and begin reading...
You add the spells Freeze, Frozen Ramparts and Hailstorm to your library.
You open the door.
d - 15 poisoned darts (gained 6)
There is an open door here.
There is a stone staircase leading up here.
You climb upwards.
There is a stone staircase leading down here.
Found a stone staircase leading down.
Found a radiant altar of Vehumet.
There is a stone staircase leading down here.
There is a radiant altar of Vehumet here.
You kneel at the altar of Vehumet.
Vehumet welcomes you!
You are engulfed in blazing flames.
Ouch! That really hurt!
You are engulfed in blazing flames.
You die...

......... .....
.........###..#.
......... ......
######.....)...###....
#.....#.#..$..........
#.°.§...#............#
#..§.§................
#..§§§.# .........#..
#..°@..##...........#
#......##...........#
###.>..##............
#....# ...........#
#....###...........
#..................
#...####...######..
#...# #..#.##...÷.)
#...# #.......#####


There were no monsters in sight!

Vanquished Creatures
  A scorpion (D:4)
  An orc priest (D:3)
  An adder (D:3)
  2 dart slugs
  2 ribbon worms
  3 orcs
  3 ball pythons
  3 bats
  5 endoplasms
  A giant cockroach (D:1)
  3 goblins
  5 hobgoblins
  3 jackals (D:3)
  3 quokkas
  3 frilled lizards
  2 kobolds
  3 rats
44 creatures vanquished.

Vanquished Creatures (others)
  An endoplasm (D:3)
1 creature vanquished.

Grand Total: 45 creatures vanquished

Notes
Turn   | Place    | Note
-------+----------+-------------------------------------------
     0 | D:1      | PurpleRed the Barachi Brigand began the quest for the Orb.
     0 | D:1      | Reached XP level 1. HP: 17/17 MP: 1/1
    74 | D:1      | Reached skill level 1 in Conjurations
   133 | D:2      | Reached XP level 2. HP: 23/23 MP: 2/2
   225 | D:2      | Reached skill level 1 in Spellcasting
   242 | D:2      | Learned a level 1 spell: Magic Dart
   331 | D:1      | Reached skill level 2 in Conjurations
   636 | D:2      | Reached XP level 3. HP: 22/28 MP: 1/4
   958 | D:3      | Reached skill level 3 in Conjurations
  1138 | D:3      | Reached XP level 4. HP: 34/34 MP: 3/6
  1254 | D:4      | Noticed a scorpion
  1262 | D:4      | Killed a scorpion
  1263 | D:4      | Reached skill level 4 in Conjurations
  1263 | D:4      | Reached XP level 5. HP: 37/39 MP: 6/8
  1307 | D:3      | Found a radiant altar of Vehumet.
  1319 | D:3      | Became a worshipper of Vehumet
  1320 | D:3      | Engulfed by a cloud of flame

Illustrated notes

Levels and vault maps discovered:
D:1:      dpeg_arrival_rooms_b, layout_loops_cross, serial_aquarium,
          aquarium_bridge_straight [aquarium_subvault_bridge,
          aquarium_subvault_window, aquarium_subvault_bridge,
          aquarium_subvault_wall], aquarium_bridge_straight
          [aquarium_subvault_bridge, aquarium_subvault_balcony,
          aquarium_subvault_bridge, aquarium_subvault_wall],
          aquarium_window_fake, aquarium_window_2, aquarium_window_fake,
          aquarium_view_2d, aquarium_view_2c
D:2:      layout_rooms, kennysheep_generic_room_12
D:3:      layout_rooms, fiery_altar_vehumet, nicolae_ru_great_annihilating_truth
D:4:      layout_basic, lightli_temple_of_fire, uniq_pikel

Skill      XL: |  1  2  3  4 |
---------------+-------------+-----
Conjurations   | 1 2 3 4 |  4.2
Spellcasting   | 1 2 |  2.6
Fighting       | |  2.4
Short Blades   | |  2.1
Throwing       | |  2.0
Dodging        | |  1.1
Stealth        | |  3.6

Action                     |  1- 3 |  4- 6 || total
---------------------------+-------+-------++-------
  Melee: Dagger            |    69 |    27 ||    96
  Throw: Dart              |    11 |     7 ||    18
   Cast: Magic Dart        |    43 |    10 ||    53
   Stab: Sleeping          |     4 |     1 ||     5
 Armour: Robe              |    42 |    15 ||    57
  Dodge: Dodged            |    54 |    14 ||    68

Table legend: (Time is in decaauts)
 A = Elapsed time spent in this place.
 B = Non-inter-level travel time spent in this place.
 C = Inter-level travel time spent in this place.
 D = Time resting spent in this place.
 E = Time spent auto-exploring this place.
 F = Levels seen in this place.
 G = Mean time per level.
                   A        B        C        D        E       F      G
               +--------+--------+--------+--------+--------+-----+--------+
         Total |   1516 |   1492 |     24 |     17 |      0 |   4 |  379.0 |
       Dungeon |   1516 |   1492 |     24 |     17 |      0 |   4 |  379.0 |
               +--------+--------+--------+--------+--------+-----+--------+

Top non-repeatable levels by time:
     D:1: 558 daAuts
     D:2: 502 daAuts
     D:3: 365 daAuts
     D:4: 89 daAuts
